 Dungeon Crawl Stone Soup version 0.15-a0-335-g04a2ae6 (webtiles) character file.

2501 4tharraofdagon the Thaumaturge (level 9, -7/46 HPs)
             Began as a Deep Elf Fire Elementalist on May 1, 2014.
             Was an Elder of Vehumet.
             Mangled by a death yak (13 damage)
             ... on Level 10 of the Dungeon.
             The game lasted 00:23:21 (2519 turns).

4tharraofdagon the Thaumaturge (DEFE)               Turns: 2519, Time: 00:23:21

HP  -7/46        AC  8     Str  5      XL: 9   Next: 17%
MP  12/30        EV 18     Int 24      God: Vehumet [****..]
Gold 201         SH  0     Dex 21 (22) Spells:  4 memorised, 16 levels left

rFire  + . .     SeeInvis .     E - staff of death
rCold  x . .     Clarity  .     a - +0 robe
rNeg   + . .     Conserve .     (no shield)
rPois  .         rCorr    .     (no helmet)
rElec  .         rRot     .     (no cloak)
SustAb + .       Spirit   .     Q - +2 pair of gloves
rMut   .         Warding  .     u - +1 pair of boots
Saprov . . .     Stasis   .     P - amulet of faith
MR     .....                    U - ring of sustain abilities
                                o - ring of fire

@: agile, not resistant to hostile enchantments, fairly stealthy
A: rugged brown scales 1, agile 1
a: Renounce Religion


You were on level 10 of the Dungeon.
You worshipped Vehumet.
Vehumet was greatly pleased with you.
You were not hungry.

You visited 1 branch of the dungeon, and saw 10 of its levels.
You also visited: Ossuary.

You collected 201 gold pieces.

Inventory:

Missiles
 l - 31 stones (quivered)
 B - 3 poisoned darts
 C - 26 darts
Armour
 a - a +0 robe (worn)
 u - a +1 pair of boots (worn)
 Q - a +2 pair of gloves (worn)
Magical devices
 R - a wand of digging (18)
 T - a wand of lightning (4)
Comestibles
 c - 2 bread rations
 h - a pear
 p - a choko
 S - a meat ration
Scrolls
 e - a scroll of vulnerability
 i - a scroll of recharging
 j - a scroll of enchant armour
 k - a scroll of amnesia
 m - a scroll of fear
 n - a scroll of random uselessness
 r - a scroll of identify
 w - 3 scrolls of remove curse
 x - a scroll of noise
 A - 3 scrolls of immolation
 J - a scroll of silence
Jewellery
 d - an uncursed amulet of conservation
 g - a cursed ring of ice
 o - a ring of fire (left hand)
 G - an uncursed amulet of rage
 P - an amulet of faith (around neck)
 U - a ring of sustain abilities (right hand)
Potions
 f - 7 potions of curing
 q - 2 potions of invisibility
 t - 2 potions of brilliance
 v - a potion of flight
 D - a potion of poison
 F - 3 potions of confusion
 H - 4 potions of paralysis
 I - 2 potions of magic
 K - a potion of degeneration
 M - 2 potions of restore abilities
 O - a potion of berserk rage
Books
 b - a book of Flames

   Spells                             Type                      Level
   *Flame Tongue                      Conjuration/Fire             1
   Throw Flame                        Conjuration/Fire             2
   *Conjure Flame                     Conjuration/Fire             3
   Inner Flame                        Hexes/Fire                   3
   *Sticky Flame                      Conjuration/Fire             4
   *Fireball                          Conjuration/Fire             5
Magical staves
 E - an uncursed staff of death (weapon)


   Skills:
 - Level 2.4 Dodging
 - Level 2.4 Stealth
 * Level 10.8 Spellcasting
 + Level 7.1 Conjurations
 + Level 7.9 Fire Magic


You had 16 spell levels left.
You knew the following spells:

 Your Spells              Type           Power        Failure   Level  Hunger
a - Flame Tongue          Conj/Fire      #####        1%          1    None
b - Conjure Flame         Conj/Fire      ######..     1%          3    None
c - Sticky Flame          Conj/Fire      ######..     1%          4    None
d - Fireball              Conj/Fire      ######....   2%          5    ###....


Dungeon Overview and Level Annotations

Branches:
Dungeon (10/15)               Orc (0/4) D:9            Lair (0/8) D:10
 Temple: D:4-7

Altars:
Ashenzari
Kikubaaqudgha
Vehumet
The Shining One


Innate Abilities, Weirdness & Mutations

You are partially covered in rugged brown scales (AC +1, +3% HP).
You are agile. (Dex +2)


Message History

The death yak is engulfed in roaring flames.
Drink which item? (? for menu, Esc to quit)
You feel agile all of a sudden.
The death yak is engulfed in roaring flames.
The death yak snorts and paws the ground.
The death yak gores you!
* * * LOW HITPOINT WARNING * * *
Casting: Conjure Flame
Confirm with . or Enter, or press ? or * to list all spells.
Aiming: Sticky Flame
Press: ? - help, Shift-Dir - straight line, f - death yak
Aim: a death yak (flame, moderately wounded)
You feel a surge of power!
The sticky flame hits the death yak.
The death yak appears unharmed.
The death yak is moderately wounded.
The death yak is covered in liquid flames!
The death yak burns!
The death yak is engulfed in roaring flames.
The death yak gores you!
You die...

*,,,* *,,,* *,,,* *,,,* *#**
*,,,* #.>* *,,,*
####.###################.,,* ****
.........................,,,,,,,,
...................$......,,,,,,,
..........>.###.@.........,,,,,,
...........##,##Y.........,,, ,,,
..........##,,,##§......., ,,,,,,
.....<....#,,,, #§.......,>,,,,,,
..........#,,,,,#§.......,,,,,,,,
..........#,,, ,........,,,,,, ,,
...<......#,,,,*#......,,,,, ,,,,
..........###,**......,,,,,,,,,,,
............# *,(....,,, ,,,,,,,,
############# ***#******,,,******


You could see a death yak (burning).

Vanquished Creatures
  A two-headed ogre (D:8)
  A hungry ghost (D:7)
  2 wargs (D:10)
  An orc warrior (D:8)
  2 phantoms
  A black bear (D:7)
  2 ogres
  An ice beast (D:8)
  2 centaurs (D:9)
  4 giant frogs
  A wyvern skeleton (D:9)
  A quasit (D:8)
  A goliath beetle (D:7)
  A hound (D:10)
  2 worker ants
  An orc priest (D:8)
  3 centaur zombies (Ossuary)
  A giant frog skeleton (D:8)
  2 orc wizards
  5 mummies (Ossuary)
  8 adders
  A giant mite (D:6)
  4 gnolls (D:8)
  2 shadow imps
  2 worms
  An adder skeleton (D:7)
  3 giant eyeballs
  10 orcs
  3 giant cockroaches
  10 hobgoblins
  8 kobolds
  7 bats
  2 giant geckos
  4 giant newts
  5 goblins
  2 goblin zombies (Ossuary)
  4 hobgoblin zombies
  11 jackals
  A kobold skeleton (D:8)
  2 kobold zombies
  6 rats
131 creatures vanquished.

Vanquished Creatures (others)
  A hippogriff (D:8)
1 creature vanquished.

Grand Total: 132 creatures vanquished

Notes
Turn   | Place    | Note
--------------------------------------------------------------
     0 | D:1      | 4tharraofdagon, the Deep Elf Fire Elementalist, began the quest for the Orb.
     0 | D:1      | Reached XP level 1. HP: 10/10 MP: 5/5
    23 | D:1      | ROTFL
    58 | D:1      | You fall through a shaft!
    61 | D:2      | Found a shattered altar of Ashenzari.
    61 | D:2      | Found a radiant altar of Vehumet.
    66 | D:2      | Became a worshipper of Vehumet
   331 | D:2      | Reached XP level 2. HP: 15/15 MP: 4/8
   464 | D:2      | Reached XP level 3. HP: 8/19 MP: 4/11
   469 | D:2      | Learned a level 3 spell: Conjure Flame
   539 | D:3      | Noticed a giant frog
   575 | D:3      | Killed a giant frog
   575 | D:3      | Reached skill level 4 in Fire Magic
   575 | D:3      | Reached XP level 4. HP: 17/24 MP: 2/14
   583 | D:3      | Learned a level 4 spell: Sticky Flame
   662 | D:2      | Found an ancient bone altar of Kikubaaqudgha.
   756 | D:3      | Acquired Vehumet's first power
   756 | D:3      | Offered knowledge of Sting by Vehumet.
   761 | D:3      | #1
   983 | D:3      | Gained mutation: You are agile. (Dex +2) [potion of mutation]
   983 | D:3      | Gained mutation: You digest meat inefficiently. [potion of mutation]
   983 | D:3      | Lost mutation: You digest meat inefficiently. [potion of mutation]
  1060 | D:4      | Reached XP level 5. HP: 9/28 MP: 7/18
  1110 | D:5      | Entered Level 5 of the Dungeon
  1198 | D:5      | Found a sand-covered staircase.
  1208 | Ossuary  | Entered an ossuary
  1234 | Ossuary  | Reached skill level 5 in Fire Magic
  1370 | Ossuary  | Offered knowledge of Sandblast by Vehumet.
  1370 | Ossuary  | Reached XP level 6. HP: 30/32 MP: 16/20
  1379 | Ossuary  | Learned a level 5 spell: Fireball
  1551 | D:5      | Reached skill level 5 in Spellcasting
  1556 | D:5      | Noticed an ogre
  1566 | D:5      | Killed an ogre
  1597 | D:6      | Paralysed by a giant eyeball for 4 turns
  1759 | D:6      | Reached skill level 5 in Conjurations
  1759 | D:6      | Reached XP level 7. HP: 33/36 MP: 17/23
  1776 | D:7      | Found a glowing golden altar of the Shining One.
  1778 | D:7      | Paralysed by a giant eyeball for 4 turns
  1782 | D:7      | Offered knowledge of Stone Arrow by Vehumet.
  1791 | D:7      | Reached skill level 6 in Spellcasting
  1905 | D:7      | Gained mutation: You are partially covered in rugged brown scales (AC +1, +3% HP). [potion of beneficial mutation]
  1912 | D:8      | Acquired Vehumet's second power
  1932 | D:8      | Reached skill level 7 in Spellcasting
  1951 | D:8      | Reached XP level 8. HP: 28/42 MP: 5/27
  1951 | D:8      | Offered knowledge of Iskenderun's Mystic Blast by Vehumet.
  1952 | D:8      | :)
  1963 | D:8      | Noticed a two-headed ogre
  1964 | D:8      | Killed a two-headed ogre
  1964 | D:8      | Reached skill level 8 in Spellcasting
  2141 | D:7      | Reached skill level 9 in Spellcasting
  2183 | D:7      | Acquired Vehumet's third power
  2232 | D:9      | Offered knowledge of Ignite Poison by Vehumet.
  2279 | D:9      | Reached skill level 10 in Spellcasting
  2388 | D:9      | Reached XP level 9. HP: 46/46 MP: 16/30
  2431 | D:10     | Entered Level 10 of the Dungeon
  2433 | D:10     | Found a staircase to the Lair.
  2467 | D:9      | Found a staircase to the Orcish Mines.
  2508 | D:10     | Noticed a death yak
  2519 | D:10     | Mangled by a death yak

Action                   |  1- 3 |  4- 6 |  7- 9 || total
-------------------------+-------+-------+-------++-------
Melee: Unarmed           |     1 |       |       ||     1
       Dagger            |     9 |    13 |       ||    22
       Staff             |       |    20 |    26 ||    46
 Cast: Flame Tongue      |    33 |    95 |    62 ||   190
       Conjure Flame     |     1 |     3 |    11 ||    15
       Sticky Flame      |       |     3 |    19 ||    22
       Fireball          |       |       |     7 ||     7
Evoke: Wand              |       |     1 |     6 ||     7
  Use: Scroll            |     1 |    11 |    15 ||    27
       Potion            |       |     2 |     4 ||     6
